 Dungeon Crawl Stone Soup version 0.31-a0-210-gccc998df9b (webtiles) character file.

Game seed: 10163015549313836070

809 qw the Chopper (level 7, 0/44 HPs)
             Began as a Gargoyle Fighter on June 30, 2023.
             Killed by divine providence
             ... invoked by an orc priest
              (12 damage)
             ... on level 5 of the Dungeon.
             The game lasted 00:01:54 (3781 turns).

qw the Chopper (Gargoyle Fighter)                   Turns: 3781, Time: 00:01:54

Health: 0/44       AC: 18    Str: 22    XL:     7   Next: 92%
Magic:  7/7        EV:  6    Int:  8    God:
Gold:   135        SH:  0    Dex:  9    Spells: 6/6 levels left

rFire   . . .        Y - +0 war axe
rCold   . . .        c - +0 buckler
rNeg    + + .        b - +0 plate armour
rPois   inf          f - +0 helmet
rElec   +            (no cloak)
rCorr   .            (no gloves)
SInv    .            e - +0 pair of boots
Will    .....        h - amulet of faith Stlth
                     i - ring of positive energy
HPRegen 0.27/turn    (no ring)
MPRegen 0.10/turn

%: faith
@: confused
A: sickness immunity, AC +4, negative energy resistance 1, electricity
resistance, torment resistance 1, petrification resistance
a: no special abilities


You were on level 5 of the Dungeon.
You visited 1 branch of the dungeon, and saw 5 of its levels.

You collected 135 gold pieces.


Innate Abilities, Weirdness & Mutations

You are immune to sickness and miasma.
Your stone body is resilient. (AC +4)
You are immune to poison.
You resist negative energy. (rN+)
You are resistant to electric shocks. (rElec)
You are resistant to unholy torment.
You are immune to petrification.


   Skills:
 + Level 4.8 Fighting
 - Level 7.0 Axes
 - Level 4.0 Armour
 - Level 1.0 Dodging
 - Level 3.2 Shields


You had 6 spell levels left.
You didn't know any spells.
Your spell library was empty.

Inventory:

Hand Weapons
 r - a +0 flail
 Y - a +0 war axe (weapon)
Armour
 b - a +0 plate armour (worn)
 c - a +0 buckler (worn)
 e - a +0 pair of boots (worn)
 f - a +0 helmet (worn)
Jewellery
 h - an amulet of faith (around neck)
 i - a ring of positive energy (left hand)
 k - a ring of ice
 p - an amulet of regeneration
Scrolls
 l - a scroll of identify
Potions
 d - a potion of might
 g - a potion of lignification {unknown}
 j - a potion of ambrosia {unknown}
 m - a potion of cancellation {unknown}
 n - a potion of degeneration {unknown}
 o - a potion of curing {unknown}
 q - a potion of heal wounds {unknown}

Dungeon Overview and Level Annotations

Branches:
Dungeon (5/15)
 Temple: D:4-7

Altars:

Shops:
D:4 (

Annotations:
D:3 2 transporters


Message History

You slash the phantom!
You destroy the phantom!
You hit the orc priest.
The orc priest hits you but does no damage.
You hit the orc priest but do no damage.
The orc priest is heavily wounded.
You slash the adder! The adder bites you. x2
The orc priest hits you but does no damage.
You closely miss the adder.
The adder is almost dead.
You closely miss the orc priest. The adder bites you but does no damage.
The orc priest invokes the aid of Beogh against you.
Pain shoots through your body!
You closely miss the adder.
The adder is almost dead.
You barely miss the orc priest. The adder bites you.
The orc priest mumbles some strange prayers to Beogh against you.
Beogh smites you! You block the orc priest's attack.
The adder bites you but does no damage.
You hit the adder.
You kill the adder!
You closely miss the orc priest.
The orc priest hits you but does no damage.
You barely miss the orc priest.
The orc priest is heavily wounded.
You barely miss the orc wizard.
The orc priest calls upon Beogh to heal the orc priest.
The orc priest is healed somewhat.
The orc priest hits you but does no damage.
The orc wizard gestures at you while chanting.
You are confused.
The orc wizard hits you but does no damage.
The orc priest hits you but does no damage.
The orc wizard hits you but does no damage.
The orc priest mumbles some strange prayers to Beogh against you.
Beogh smites you!
You die...

#########
#.......# #
#.#####.# #.###
#.#
#.########......
#.# #.......@oo#
#.# #########oo#
#.# ..# #.# ....
#.# ..... #.#
.####.# #.# .# #
#.# .. #.#


You could see 2 orc priests, an orc wizard and an orc.

Vanquished Creatures
  Grinder (D:3)
  An orc warrior (D:4)
  A phantom (D:5)
  4 hounds
  2 orc priests
  2 iguanas (D:4)
  4 gnolls (D:4)
  9 adders
  An ufetubus (D:4)
  5 worms
  3 dart slugs
  10 orcs
  4 ball pythons
  2 bats
  4 endoplasms
  3 giant cockroaches
  4 goblins
  5 hobgoblins
  3 jackals (D:4)
  7 kobolds
  4 quokkas
  4 frilled lizards
  6 rats
89 creatures vanquished.

Notes
Turn   | Place    | Note
-------+----------+-------------------------------------------
     0 | D:1      | qw the Gargoyle Fighter began the quest for the Orb.
     0 | D:1      | Reached XP level 1. HP: 14/14 MP: 1/1
     0 | D:1      | 0 ||| qw: Version: 0.3-a-26-gee661ec
     0 | D:1      | 0 ||| qw: Game counter: 7171
     0 | D:1      | 0 ||| qw: Melee chars always use a shield: true
     0 | D:1      | 0 ||| qw: God list: Okawaru
     0 | D:1      | 0 ||| qw: Allow faded altars: false
     0 | D:1      | 0 ||| qw: Do Orc after clearing Dungeon:15 true
     0 | D:1      | 0 ||| qw: Do second Lair branch before Depths: true
     0 | D:1      | 0 ||| qw: Lair rune preference: random
     0 | D:1      | 0 ||| qw: Goals: Normal, Zot:1-4, Slime:5, God:TSO, Crypt,
                  | Tomb, Abyss, Pan, Hells, Win
     0 | D:1      | 0 ||| PLANNING D:1-11
    26 | D:1      | Reached skill level 2 in Axes
    69 | D:1      | Reached XP level 2. HP: 19/19 MP: 2/2
   707 | D:1      | 707 ||| UPGRADING to +0 pair of boots.
   712 | D:1      | 712 ||| UPGRADING to +0 helmet.
   717 | D:1      | 717 ||| UPGRADING to amulet of faith.
   722 | D:1      | 722 ||| READING scroll labelled YVUWNO DITEITELOZA.
  1027 | D:2      | Reached skill level 3 in Axes
  1027 | D:2      | Reached XP level 3. HP: 7/23 MP: 3/3
  1170 | D:2      | 1170 ||| DROPPING +0 club.
  1195 | D:2      | 1195 ||| Stepping ~*~*~tactically~*~*~ (stealth).
  1813 | D:2      | 1813 ||| UPGRADING to ring of positive energy.
  1814 | D:2      | 1814 ||| DROPPING ring of magical power.
  1815 | D:2      | 1815 ||| READING scroll labelled IREVUST NEMPYQARI.
  1816 | D:2      | 1816 ||| READING scroll labelled RISUAZXOZEQ.
  1817 | D:2      | 1817 ||| DRINKING 3 viscous green potions.
  1818 | D:2      | 1818 ||| DROPPING 2 potions of brilliance.
  1837 | D:3      | Noticed Grinder
  1840 | D:3      | 1840 ||| Stepping ~*~*~tactically~*~*~ (hiding).
  1841 | D:3      | 1841 ||| Stepping ~*~*~tactically~*~*~ (hiding).
  1844 | D:3      | Paralysed by Grinder for 2 turns
  1849 | D:3      | 1849 ||| Stepping ~*~*~tactically~*~*~ (hiding).
  1860 | D:3      | 1860 ||| Stepping ~*~*~tactically~*~*~ (hiding).
  1869 | D:3      | Paralysed by Grinder for 4 turns
  1876 | D:3      | 1876 ||| Stepping ~*~*~tactically~*~*~ (hiding).
  1891 | D:3      | HP: 5/23 [Grinder (1)]
  1893 | D:3      | Killed Grinder
  1894 | D:3      | Reached skill level 5 in Axes
  1894 | D:3      | Reached XP level 4. HP: 7/28 MP: 4/4
  1894 | D:3      | Reached XP level 5. HP: 8/32 MP: 5/5
  1894 | D:3      | Reached XP level 6. HP: 9/37 MP: 6/6
  1906 | D:3      | 1906 ||| FLEEEEING.
  1907 | D:3      | 1907 ||| STAIRDANCE
  2003 | D:3      | Found a transporter.
  2004 | D:3      | Found a transporter.
  2045 | D:3      | 2045 ||| Stepping ~*~*~tactically~*~*~ (hiding).
  2476 | D:3      | 2476 ||| UPGRADING to +0 chain mail.
  2486 | D:3      | 2486 ||| DROPPING +0 scale mail.
  2487 | D:3      | 2487 ||| READING scroll labelled WUDGHI OSCHAPTIAHY.
  2488 | D:3      | 2488 ||| READING scroll labelled TYUGOA BATU.
  2555 | D:4      | 2555 ||| DROPPING +0 whip.
  2631 | D:4      | 2631 ||| Stepping ~*~*~tactically~*~*~ (hiding).
  2638 | D:4      | Reached skill level 6 in Axes
  2653 | D:4      | Reached skill level 1 in Dodging
  2664 | D:4      | 2664 ||| Stepping ~*~*~tactically~*~*~ (stealth).
  2686 | D:4      | Reached XP level 7. HP: 23/43 MP: 7/7
  2717 | D:4      | 2717 ||| FLEEEEING.
  2727 | D:4      | 2727 ||| STAIRDANCE
  2948 | D:4      | 2948 ||| Stepping ~*~*~tactically~*~*~ (hiding).
  3071 | D:4      | 3071 ||| Stepping ~*~*~tactically~*~*~ (stealth).
  3073 | D:4      | 3073 ||| Stepping ~*~*~tactically~*~*~ (hiding).
  3075 | D:4      | 3075 ||| Stepping ~*~*~tactically~*~*~ (hiding).
  3077 | D:4      | 3077 ||| Stepping ~*~*~tactically~*~*~ (hiding).
  3085 | D:4      | 3085 ||| FLEEEEING.
  3086 | D:4      | 3086 ||| FLEEEEING.
  3087 | D:4      | 3087 ||| FLEEEEING.
  3088 | D:4      | 3088 ||| Stepping ~*~*~tactically~*~*~ (stealth).
  3209 | D:4      | Found Kuher's Antique Weapon Emporium.
  3215 | D:4      | 3215 ||| DROPPING +0 mace.
  3307 | D:4      | 3307 ||| Stepping ~*~*~tactically~*~*~ (stealth).
  3320 | D:4      | Reached skill level 7 in Axes
  3644 | D:4      | 3644 ||| UPGRADING to +0 plate armour.
  3654 | D:4      | 3654 ||| DROPPING +0 chain mail.
  3669 | D:5      | Entered Level 5 of the Dungeon
  3777 | D:5      | HP: 11/44 [orc priest/divine providence (9)]
  3781 | D:5      | Killed from afar by an orc priest

Levels and vault maps discovered:
D:1:      psy_arrival_heroes, layout_basic, minmay_crystal_room
D:2:      layout_loops_corners
D:3:      gammafunk_steamed_eel, layout_rooms, uniq_grinder
D:4:      layout_loops_cross, serial_shops, shop, kennysheep_cross_bottleneck
D:5:      layout_loops_ring, uniq_blork_the_orc

Skill      XL: |  1  2  3  4  5  6  7 |
---------------+----------------------+-----
Axes           | 2 3 5 6 7 |  7.0
Fighting       | 4 |  4.8
Dodging        | 1 |  1.0
Armour         | 4 |  4.0
Shields        | |  3.2

Action                     |  1- 3 |  4- 6 |  7- 9 || total
---------------------------+-------+-------+-------++-------
  Melee: War axe           |   115 |    95 |    93 ||   303
    Use: Scroll            |     3 |     2 |       ||     5
         Potion            |     1 |       |       ||     1
 Armour: Scale mail        |    47 |    33 |       ||    80
         Chain mail        |       |    39 |    28 ||    67
         Plate armour      |       |       |    30 ||    30
  Dodge: Dodged            |    44 |    44 |    27 ||   115
  Block: Buckler           |    16 |    11 |    19 ||    46

Table legend:
 A = Non-vault XP
 B = Vault XP
 C = Vault XP percentage of total XP
 D = Non-vault monster count
 E = Vault monster count
 F = Vault count percentage of total count
                 A         B        C        D         E       F
            +---------+---------+-------+---------+---------+-------
      Total |     879 |     277 |  24.0 |      88 |       1 |   1.1
            +---------+---------+-------+---------+---------+-------
        D:1 |      23 |       0 |   0.0 |      12 |       0 |   0.0
        D:2 |      39 |       0 |   0.0 |      21 |       0 |   0.0
        D:3 |     102 |     277 |  73.1 |      15 |       1 |   6.2
        D:4 |     494 |       0 |   0.0 |      33 |       0 |   0.0
        D:5 |     221 |       0 |   0.0 |       7 |       0 |   0.0
            +---------+---------+-------+---------+---------+-------
